AoeStats
← joosephy

Fortress

509056136Analyzed
3v3 RM · 6d ago on Sep 25, 2026· 38m 18s· 6 players
Game mode
Random Map
Map size
Large (8 player)
Population
200
Speed
Normal
Resources
Standard
Victory
Conquest
Starting age
Dark Age
Ending age
Imperial Age
RankedLock teamsTeams togetherTeam positionsShared explorationLock speedFull tech treeHidden civsTurbo modeCheats
Victory
Defeat
🇹🇼 Gurjaras · Taiwan
1655
+7
🇷🇴 Italians · Romania
1348
+19
🇮🇪 Slavs · Ireland
1133
+27
🇨🇳 Magyars · China
1453
-19
🇨🇳 Portuguese · China
1405
-17
🇦🇺 Jurchens · Australia
1392
-17
GI
7:57 Feudal Age
11:32 Castle Age
10:15 Double-Bit Axe
10:33 Fletching
11:01 Gold Mining
12:30 Bow Saw
14:22 Loom
19:04 Wheelbarrow
19:09 Bodkin Arrow
21:24 Ballistics
21:06 Padded Archer Armor
22:56 Horse Collar
23:45 Town Watch
30:45 Murder Holes
31:01 Masonry
32:29 Hand Cart
34:56 Crossbowman
35:54 Leather Archer Armor
36:54 Gold Shaft Mining
2067
8:59 Feudal Age
9:40 Double-Bit Axe
9:48 Gold Mining
12:34 Castle Age
17:21 Imperial Age
15:48 Loom
19:06 Chemistry
22:46 Town Watch
27:36 Coinage
27:16 Guilds
28:29 Siege Engineers
29:00 Sanctity
29:25 Block Printing
29:52 Banking
30:41 Scale Mail Armor
30:52 Forging
32:00 Wheelbarrow
31:38 Treadmill Crane
32:36 Iron Casting
32:17 Chain Mail Armor
32:43 Fortified Wall
32:55 Ballistics
34:06 Blast Furnace
33:49 Fletching
33:59 Padded Archer Armor
33:41 Crossbowman
35:00 Plate Mail Armor
34:15 Pikeman
35:44 Conscription
34:50 Halberdier
35:23 Arbalester
36:41 Bodkin Arrow
37:06 Leather Archer Armor
37:55 Thumb Ring
无助小羊
7:58 Feudal Age
12:20 Castle Age
10:16 Horse Collar
11:02 Double-Bit Axe
14:13 Wheelbarrow
14:00 Heavy Plow
24:43 Imperial Age
22:03 Loom
22:12 Gold Mining
22:34 Bow Saw
23:18 Corvinian Army
25:17 Scale Barding Armor
25:07 Elite Magyar Huszar
26:36 Chain Barding Armor
27:40 Stone Mining
29:05 Plate Barding Armor
35:54 Conscription
36:33 Heavy Cavalry Archer
joosephy
6:45 Feudal Age
10:29 Castle Age
8:36 Double-Bit Axe
10:00 Horse Collar
11:44 Bow Saw
15:57 Wheelbarrow
16:47 Loom
23:19 Fortified Wall
25:09 Bloodlines
28:03 Imperial Age
25:49 Scale Barding Armor
26:15 Husbandry
27:17 Chain Barding Armor
27:17 Gold Mining
28:44 Forging
29:16 Conscription
31:37 Chemistry
31:29 Light Cavalry
33:36 Plate Barding Armor
33:36 Iron Casting
33:12 Heavy Camel Rider
33:55 Hussar
35:10 Hand Cart
36:07 Town Watch
37:06 Fletching
37:38 Ballistics
37:21 Arson
38:47 Scale Mail Armor
PAX
6:18 Feudal Age
6:49 Double-Bit Axe
6:45 Horse Collar
11:36 Castle Age
12:36 Bow Saw
12:27 Heavy Plow
19:38 Imperial Age
21:19 Chemistry
21:18 Padded Archer Armor
26:36 Leather Archer Armor
28:24 Pirotechnia
28:48 Forging
30:31 Ring Archer Armor
31:17 Scale Barding Armor
31:48 Iron Casting
32:56 Chain Barding Armor
33:44 Wheelbarrow
32:55 Loom
33:55 Husbandry
34:06 Bloodlines
33:16 Light Cavalry
35:00 Blast Furnace
35:48 Plate Barding Armor
34:42 Hussar
Saumon
7:21 Feudal Age
11:14 Castle Age
9:34 Horse Collar
9:47 Gold Mining
11:30 Bloodlines
11:28 Scale Barding Armor
11:32 Double-Bit Axe
13:20 Loom
13:53 Bow Saw
17:13 Heavy Plow
19:16 Forging
20:50 Wheelbarrow
20:45 Husbandry
21:34 Gold Shaft Mining
22:34 Chain Barding Armor
24:34 Iron Casting
28:21 Imperial Age
25:21 Light Cavalry
26:22 Fletching
28:06 Bodkin Arrow
29:32 Block Printing
29:48 Illumination
28:52 Elite Boyar
29:57 Conscription
29:01 Hussar
30:25 Plate Barding Armor
30:34 Town Watch
32:55 Detinets
34:01 Blast Furnace
36:27 Pikeman
37:13 Squires
37:21 Scale Mail Armor
38:55 Two-Man Saw
38:27 Chain Mail Armor
Connection lost

Rejoining the realm…

Still unreachable

The connection could not be restored.

Session expired

The server has moved on; the page needs a fresh start.